AoeStats
← Arrodes

Arabia

510626866Analyzed
2v2 RM · 9h ago on Oct 1, 2026· 18m 11s· 4 players
Game mode
Random Map
Map size
Medium (4 player)
Population
200
Speed
Normal
Resources
Standard
Victory
Conquest
Starting age
Dark Age
Ending age
Imperial Age
RankedLock teamsTeams togetherTeam positionsShared explorationLock speedFull tech treeHidden civsTurbo modeCheats
Victory
Defeat
🇦🇷 Gurjaras · Argentina
857
+15
🇮🇹 Saxons · Italy
848
+15
🇹🇷 Britons · Türkiye
845
-16
🇹🇷 Huns · Türkiye
808
-14
emre_2626eses
10:17 Feudal Age
10:49 Double-Bit Axe
10:45 Horse Collar
Arrodes
9:34 Feudal Age
18:11 Castle Age
16:15 Double-Bit Axe
16:27 Horse Collar
DragónLechero
6:48 Loom
9:07 Feudal Age
9:35 Double-Bit Axe
11:50 Horse Collar
fr90.PISCU
7:53 Loom
11:24 Feudal Age
12:09 Double-Bit Axe
Connection lost

Rejoining the realm…

Still unreachable

The connection could not be restored.

Session expired

The server has moved on; the page needs a fresh start.